 Dungeon Crawl Stone Soup version 0.30-a0-1163-gf69bf04e7a (webtiles) character file.

Game seed: 9097332780752270720

1936 NinjaNoafa the Thaumaturge (level 8, 0/52 (59) HPs)
             Began as a Green Draconian Conjurer on Apr 28, 2023.
             Slain by a wight
             ... wielding a +0 halberd
              (3 damage)
             ... on level 7 of the Dungeon.
             The game lasted 00:13:31 (5940 turns).

NinjaNoafa the Thaumaturge (DrCj)                   Turns: 5940, Time: 00:13:32

HP:   0/52 (59)     AC:  6    Str:  9    XL:     8   Next: 97%
MP:   1/20          EV: 12    Int: 21    God:
Gold: 596           SH:  0    Dex: 10    Spells: 16/23 levels left

rFire   + . .        z - +2 dagger (drain)
rCold   + . .        (no shield)
rNeg    . . .        (body armour unavailable)
rPois   +            (helmet restricted)
rElec   .            A - scarf {rC+ rF+}
rCorr   +            (no gloves)
SInv    .            (no boots)
Will    .....        (no amulet)
Stlth   ++           c - ring of resist corrosion
HPRegen 0.28/turn    (no ring)
MPRegen 0.17/turn

%: no passive effects
@: heavily drained
A: breathe noxious fumes, AC +6, unfitting armour, poison resistance,
cold-blooded
a: Breathe Noxious Fumes


You were on level 7 of the Dungeon.
You visited 1 branch of the dungeon, and saw 7 of its levels.
You also visited: Ossuary.

You collected 596 gold pieces.

Inventory:

Hand Weapons
 z - a +2 dagger of draining (weapon)
Missiles
 d - 3 boomerangs
 m - 24 poisoned darts
 y - 7 curare-tipped darts
Armour
 A - a scarf of resistance (worn)
Jewellery
 c - a ring of resist corrosion (left hand)
 q - a ring of ice
Wands
 k - a wand of polymorph (2)
 x - a wand of roots (18)
 C - a wand of mindburst (18)
Scrolls
 b - a scroll of fear {unknown}
 f - 7 scrolls of identify {unknown}
 g - 6 scrolls of teleportation {unknown}
 i - 2 scrolls of blinking {unknown}
 o - 2 scrolls of enchant weapon {unknown}
 w - a scroll of amnesia {unknown}
Potions
 a - a potion of magic
 e - 2 potions of lignification {unknown}
 h - 2 potions of ambrosia {unknown}
 j - 7 potions of cancellation {unknown}
 l - 2 potions of mutation {unknown}
 n - a potion of brilliance
 p - 2 potions of heal wounds {unknown}
 r - 3 potions of flight {unknown}
 s - 4 potions of degeneration {unknown}
 t - 2 potions of invisibility {unknown}
 u - a potion of attraction {unknown}
 v - 2 potions of curing {unknown}
 B - a potion of haste {unknown}


   Skills:
 + Level 1.4 Fighting
 + Level 2.3 Dodging
 - Level 1.7 Stealth
 - Level 8.0 Spellcasting
 - Level 6.0 Conjurations
 - Level 6.0 Translocations
 + Level 1.1 Evocations


You had 16 spell levels left.
You knew the following spells:

 Your Spells              Type           Power      Damage    Failure   Level
a - Magic Dart            Conj           100%       1d8       1%          1
b - Searing Ray           Conj           66%        2d6       1%          2
c - Iskenderun's Mystic   Conj/Tloc      33%        2d8       7%          4

Your spell library contained the following spells:

 Spells                   Type           Power      Damage    Failure   Level
 Dazzling Flash           Conj/Hex       42%        N/A       7%          3
 Portal Projectile        Hex/Tloc       42%        N/A       7%          3
 Summon Small Mammal      Summ           32%        N/A       8%          1
 Ensorcelled Hibernation  Hex/Ice        16%        N/A       12%         2
 Passwall                 Tmut/Erth      6%         N/A       12%         2
 Fulminant Prism          Conj/Hex       10%        3d9       22%         4
 Call Canine Familiar     Summ           8%         N/A       24%         3
 Summon Guardian Golem    Hex/Summ       8%         N/A       24%         3
 Swiftness                Air            8%         N/A       24%         3
 Leda's Liquefaction      Hex/Erth       4%         N/A       61%         4


Dungeon Overview and Level Annotations

Branches:
Dungeon (7/15)            Ossuary (visited)
 Temple: D:4-7

Altars:
Kikubaaqudgha
Okawaru
Ru
Wu Jian
Xom

Shops:
D:1 [


Innate Abilities, Weirdness & Mutations

You can breathe blasts of noxious fumes.
Your lurid green scales are hard. (AC +6)
You cannot fit into any form of body armour.
Your system is resistant to poisons. (rPois)
You are cold-blooded and may be slowed by cold attacks.


Message History

Confirm with . or Enter, or press ? or * to list all spells.
You erupt in a blast of force!
The mystic blast hits the wight!
The wight is heavily damaged.
The wight is knocked back by the mystic blast.
The wight slams into the rock wall!
The wight is severely damaged.
The mystic blast hits the wight!
You destroy the wight!
Unknown command.
Unknown command.
There is a stone staircase leading up here.
Casting: Iskenderun's Mystic Blast (dangerous; 7% risk of failure)
Confirm with . or Enter, or press ? or * to list all spells.
Aiming: Searing Ray (safe; 1% risk of failure)
Press: ? - help, Shift-Dir - straight line, f - wight
Aim: a wight, wielding a +0 halberd and wearing a +0 robe (severely damaged, 81% to hit)
The searing ray misses the wight. (Press . to maintain the ray.)
The searing ray hits the wight.
The wight is almost destroyed.
The wight hits you from afar with a +0 halberd.
* * * LOW HITPOINT WARNING * * *
You feel drained.
* * * LOW HITPOINT WARNING * * *
Aiming: Mindburst
Press: ? - help, Shift-Dir - straight line, f/p - wight
Aim: a wight, wielding a +0 halberd and wearing a +0 robe (almost destroyed, chance to affect: 70%)
Okay, then.
Aiming: Mindburst
Press: ? - help, Shift-Dir - straight line, f/p - wight
Aim: a wight, wielding a +0 halberd and wearing a +0 robe (almost destroyed, chance to affect: 70%)
The wight struggles to resist.
The wight misses you.
Aiming: Mindburst
Press: ? - help, Shift-Dir - straight line, f/p - wight
Aim: a wight, wielding a +0 halberd and wearing a +0 robe (almost destroyed, chance to affect: 70%)
The wight struggles to resist.
The wight hits you from afar with a +0 halberd!
* * * LOW HITPOINT WARNING * * *
You feel drained.
You die...

############
#..........#
########..........#
#............z.@..#
#.######..........#
##.# #..........#
)z.# #..........#
#### #..........#
............#
###..........#
##+#########


You could see a wight.

Vanquished Creatures
  Eustachio (D:6)
  An ice beast (D:7)
  2 ogres
  A phantom (D:3)
  Blork the orc (D:4)
  2 kobold brigands
  5 scorpions
  2 wights (D:7)
  2 howler monkeys (D:7)
  A jelly (D:4)
  An orc priest (D:4)
  2 hounds (D:4)
  3 iguanas
  A sleepcap (D:5)
  Ijyb (D:5)
  2 orc wizards
  9 mummies
  Robin (D:4)
  7 adders
  8 gnolls
  A shadow imp (D:5)
  2 white imps
  3 ufetubi (D:5)
  2 worms
  A dart slug (D:3)
  19 orcs
  6 ball pythons
  3 bat zombies (D:4)
  8 endoplasms
  3 giant cockroaches
  15 goblins
  14 hobgoblins
  4 jackals (D:1)
  30 kobolds
  4 quokkas
  5 bats
  A goblin zombie (D:4)
  4 hobgoblin zombies
  2 kobold zombies (Ossuary)
  3 orc zombies (Ossuary)
  8 rats
  3 rat zombies (D:4)
194 creatures vanquished.

Vanquished Creatures (others)
  15 plants (D:5)
15 creatures vanquished.

Grand Total: 209 creatures vanquished

Notes
Turn   | Place    | Note
-------+----------+-------------------------------------------
     0 | D:1      | NinjaNoafa the Draconian Conjurer began the quest for the
                  | Orb.
     0 | D:1      | Reached XP level 1. HP: 14/14 MP: 3/3
    83 | D:1      | Reached XP level 2. HP: 15/20 MP: 1/5
   134 | D:1      | Learned a level 2 spell: Searing Ray
   312 | D:1      | Reached XP level 3. HP: 26/26 MP: 1/7
   345 | D:1      | Found Runkusu's Armour Boutique.
   786 | D:2      | Reached skill level 3 in Spellcasting
   884 | D:2      | Reached XP level 4. HP: 33/33 MP: 2/8
   894 | D:2      | Reached skill level 5 in Conjurations
  1109 | D:2      | Found a shimmering altar of Xom.
  1236 | D:2      | Found a faded altar of an unknown god.
  1524 | D:2      | Reached skill level 4 in Spellcasting
  1524 | D:2      | Reached XP level 5. HP: 38/38 MP: 1/11
  2357 | D:4      | Noticed Blork the orc
  2496 | D:4      | Reached skill level 5 in Spellcasting
  2606 | D:4      | Killed Blork the orc
  2607 | D:4      | Reached XP level 6. HP: 25/45 MP: 5/14
  2703 | D:4      | Found a sand-covered staircase.
  2710 | Ossuary  | Entered an ossuary
  2840 | Ossuary  | Reached skill level 6 in Spellcasting
  3166 | D:4      | Your scales start taking on a lurid green colour.
  3166 | D:4      | Reached XP level 7. HP: 50/50 MP: 9/16
  3166 | D:4      | Gained mutation: Your system is resistant to poisons.
                  | (rPois) [Green Draconian growth]
  3387 | D:3      | Reached skill level 7 in Spellcasting
  3470 | D:4      | Found an iron altar of Okawaru.
  3481 | D:4      | Noticed Robin
  3488 | D:4      | Killed Robin
  3964 | D:4      | Found an ancient bone altar of Kikubaaqudgha.
  4315 | D:5      | Entered Level 5 of the Dungeon
  4381 | D:5      | Reached skill level 8 in Spellcasting
  4449 | D:5      | Found a sacrificial altar of Ru.
  4464 | D:5      | Reached skill level 1 in Translocations
  4464 | D:5      | Reached XP level 8. HP: 57/57 MP: 3/20
  4537 | D:5      | Found an ornate altar of the Wu Jian Council.
  4793 | D:5      | Noticed Ijyb
  4803 | D:5      | Killed Ijyb
  5240 | D:6      | Learned a level 4 spell: Iskenderun's Mystic Blast
  5422 | D:6      | Noticed Eustachio
  5437 | D:6      | Killed Eustachio
  5438 | D:6      | Reached skill level 5 in Translocations
  5820 | D:7      | Noticed a hornet
  5911 | D:7      | Reached skill level 1 in Fighting
  5914 | D:7      | Reached skill level 1 in Evocations
  5940 | D:7      | Slain by a wight

Illustrated notes

Levels and vault maps discovered:
D:1:      lemuel_arrival_river_bridge, layout_rooms, serial_shops, shop,
          serial_bayou_crossing
D:2:      layout_basic, shapermc_ecumenical_altar_venn, basic_altar,
          nicolae_half_adder
D:3:      layout_loops_ring
D:4:      layout_layer_cave, okawaru_trees_2, lemuel_zombie_altar_kikubaaqudgha,
          nicolae_ossuary_entry_giza, uniq_robin, uniq_blork_the_orc
D:5:      cheibrodos_thug_alley, layout_loops_ring,
          chequers_temple_overflow_statue_of_worship, serial_bayou_lagoon_a,
          uniq_ijyb
D:6:      layout_basic, uniq_eustachio
D:7:      layout_basic, vehumet_statue, minmay_temple_entry_large_hall,
          grunt_ministairs_1, guppyfry_early_elven_hall, uniq_duvessa

Skill      XL: |  1  2  3  4  5  6  7  8 |
---------------+-------------------------+-----
Spellcasting   | 3 4 5 6 8 |  8.0
Conjurations   | 5 6 |  6.0
Translocations | 1 6 |  6.0
Fighting       | 1 |  1.4
Dodging        | 2 |  2.3
Evocations     | 1 |  1.1
Stealth        | |  1.7

Action                     |  1- 3 |  4- 6 |  7- 9 || total
---------------------------+-------+-------+-------++-------
  Melee: Dagger            |    55 |       |    20 ||    75
         Tailslap          |     8 |     6 |     1 ||    15
         Short sword       |    22 |    60 |    13 ||    95
         Punch             |     1 |       |       ||     1
   Cast: Magic Dart        |    46 |    26 |     4 ||    76
         Searing Ray       |     4 |    39 |    54 ||    97
         Iskenderun's Myst |       |       |     5 ||     5
Ability: Breathe Noxious F |       |       |    18 ||    18
  Evoke: Wand              |       |       |     2 ||     2
 Armour: Skin              |    40 |    41 |    53 ||   134
  Dodge: Dodged            |    96 |    90 |    89 ||   275

Table legend: (Time is in decaauts)
 A = Elapsed time spent in this place.
 B = Non-inter-level travel time spent in this place.
 C = Inter-level travel time spent in this place.
 D = Time resting spent in this place.
 E = Time spent auto-exploring this place.
 F = Levels seen in this place.
 G = Mean time per level.
                   A        B        C        D        E       F      G
               +--------+--------+--------+--------+--------+-----+--------+
         Total |   5968 |   5624 |    344 |    204 |   3681 |   8 |  746.0 |
       Dungeon |   5550 |   5206 |    344 |     25 |   3563 |   7 |  792.9 |
       Ossuary |    418 |    418 |      0 |    179 |    118 |   1 |  418.0 |
               +--------+--------+--------+--------+--------+-----+--------+

Top non-repeatable levels by time:
     D:4: 1370 daAuts
     D:2: 944 daAuts
     D:3: 895 daAuts
     D:5: 786 daAuts
     D:6: 778 daAuts
     D:1: 686 daAuts
 Ossuary: 418 daAuts
     D:7: 87 daAuts
